 Dungeon Crawl Stone Soup version 0.19-a0-944-gb338e1e (webtiles) character file.

93570 Implojin the Nimble (level 15, -4/156 HPs)
             Began as a Troll Fighter on July 10, 2016.
             Was a High Priest of Okawaru.
             Killed from afar by a merfolk aquamancer (23 damage)
             ... with a shard of ice
             ... on level 4 of the Shoals.
             The game lasted 01:32:21 (6160 turns).

Implojin the Nimble (Troll Fighter)                 Turns: 6160, Time: 01:32:22

Health: -4/156     AC: 11    Str: 28    XL:     15   Next: 24%
Magic:  18/20      EV: 23    Int:  4    God:    Okawaru [*****.]
Gold:   121        SH: 19    Dex: 19    Spells: 0 memorised, 14 levels left

rFire  . . .     SeeInvis .       - Unarmed
rCold  . . .     Gourm    +     B - +0 troll leather armour
rNeg   . . .     Faith    .     f - +0 large shield
rPois  .         Spirit   .     M - +2 hat {MR+}
rElec  .         Dismiss  .     (no cloak)
rCorr  .         Reflect  .     (gloves unavailable)
SustAt .         Harm     .     (boots unavailable)
MR     +++..                    j - amulet of rage
Stlth  +++.......               l - +2 ring of protection
                                (no ring)

@: agile, finesse, very slightly contaminated, extremely resistant to hostile
enchantments, fairly stealthy
A: unfitting armour, claws 3, fast metabolism 3, gourmand, magic resistance 1,
regeneration 2, shaggy fur 1, tough skin 2
a: Heroism, Finesse, Renounce Religion, Evoke Berserk Rage
}: 1/15 runes: serpentine


You were on level 4 of the Shoals.
You worshipped Okawaru.
Okawaru was extremely pleased with you.
You were full.

You visited 5 branches of the dungeon, and saw 27 of its levels.

You collected 243 gold pieces.
You spent 122 gold pieces at shops.

Inventory:

Hand Weapons
 v - a +0 blowgun
 y - a +0 flail
Missiles
 e - 4 throwing nets
 g - 18 large rocks (quivered)
 p - 11 tomahawks
Armour
 a - a +0 robe
 b - a +0 shield
 f - a +0 large shield (worn)
 n - a +0 robe of fire resistance
 w - a +2 shield of cold resistance
 B - a +0 troll leather armour (worn)
 E - a troll hide
 J - a +2 robe of resistance
 M - a +2 hat of magic resistance (worn)
Magical Staves
 x - an uncursed staff of wizardry {unknown}
Jewellery
 i - an uncursed ring of ice
 j - an amulet of rage (around neck)
 l - a +2 ring of protection (right claw)
 H - an uncursed ring of flight {unknown}
 P - an uncursed ring of sustain attributes {unknown}
Wands
 k - a wand of digging (17/24)
 q - a wand of iceblast (9/15)
 s - a wand of paralysis (11/24)
 z - a wand of digging (13/24)
 D - a wand of digging (8/24)
 I - a wand of lightning (6/15)
Scrolls
 h - a scroll of enchant weapon {unknown}
 C - 2 scrolls of teleportation
 N - a scroll of enchant armour
Potions
 c - a potion of mutation
 r - 2 potions of magic
 t - a potion of ambrosia
 G - a potion of resistance {unknown}
 K - a potion of cancellation {unknown}
 L - a potion of brilliance {unknown}
Books
 A - a book of the Warp

   Spells                             Type                      Level
   a - Recall                         Summoning/Translocation      3
   b - Gell's Gravitas                Hexes/Translocation          3
   c - Force Lance                    Conjuration/Translocation    4
   d - Warp Weapon                    Charms/Translocation         5
   e - Summon Forest                  Summoning/Translocation      5
 Q - a book of Battle

   Spells                             Type                      Level
   a - Infusion                       Charms                       1
   b - Shroud of Golubria             Charms/Translocation         2
   c - Song of Slaying                Charms                       2
   d - Spectral Weapon                Hexes/Charms                 3
   e - Regeneration                   Charms/Necromancy            3
Comestibles
 d - 8 bread rations
 m - 6 beef jerkies
 o - 2 fruits
 O - a meat ration


   Skills:
 - Level 12.0 Fighting
 * Level 12.7 Dodging
 - Level 10.1 Shields
 - Level 12.0 Unarmed Combat
 - Level 8.0 Invocations


You had 14 spell levels left.
You didn't know any spells.

Dungeon Overview and Level Annotations

Branches:
Dungeon (14/15)            Temple (1/1) D:7            Lair (5/6) D:11
 Shoals (4/4) Lair:4        Snake (4/4) Lair:4       Vaults (0/5) D:14
  Slime: Lair:5-6       Orc: D:9-12

Altars:
Cheibriados
Elyvilon
Gozag
Nemelex Xobeh
Okawaru
Pakellas
Ru
Trog
Xom
Yredelemnul
The Shining One

Shops:
D:9 ::?(!   D:10 (

Annotations:
D:6 Eustachio
Shoals:1 exclusion: oklob plant
Shoals:4 Ilsuiw
Snake:4 salamander opposite < be careful, exclusion: upstairs


Innate Abilities, Weirdness & Mutations

You are too large for most types of armour.
You have claws for hands.
Your metabolism is lightning-fast.
You like to eat raw meat.
You heal very quickly.
You are covered in fur. (AC +1)
You have very tough skin. (AC +2)
You are resistant to hostile enchantments. (MR+)


Message History

You hear a splash. x2
The merfolk aquamancer completely misses you.
Unknown command.
You eviscerate the siren!!!
The siren is almost dead.
You hear a shout!
You hear an angry hiss.
You block the merfolk impaler's attack.
You block the merfolk aquamancer's attack.
You mangle the siren!!
You kill the siren!
Okawaru accepts your kill.
You hear a splash.
The merfolk avatar chants a haunting song.
You resist with almost no effort. You block the faun's attack.
Unknown command.
You feel like a meek peon again. The faun hits you with a spear!!
* * * LOW HITPOINT WARNING * * *
You block the merfolk aquamancer's attack.
The merfolk impaler barely misses you.
Things that are here:
a spear; a merfolk corpse Unknown command.
You closely miss the faun. The merfolk impaler closely misses you.
You block the merfolk aquamancer's attack.
The merfolk impaler completely misses you.
You claw the faun!
The faun is moderately wounded.
You block the faun's attack.
The merfolk impaler hits you but does no damage.
The merfolk aquamancer hits you with a rapier!
* * * LOW HITPOINT WARNING * * *
A snapping turtle comes into view.
Unknown command.
You closely miss the faun.
The faun is moderately wounded.
The merfolk impaler closely misses you.
The snapping turtle moves out of view.
The merfolk aquamancer casts a spell at you.
The shard of ice hits you!
You die...

≈≈≈≈≈≈≈≈≈≈≈≈≈.............
≈≈≈≈≈≈≈≈............P..PPP≈≈.≈≈≈≈
≈≈≈≈≈≈≈..#≈##m#...........≈≈≈≈≈≈≈
≈≈≈≈≈≈..#.####(≈...P.........≈≈≈≈
≈≈≈≈..###≈.#m≈#.#.........#..≈≈≈≈
≈≈≈...# ≈≈≈m≈S≈#.≈≈...........≈≈≈
≈≈....# #≈#≈.c≈.#mc≈≈≈≈....≈≈≈≈≈≈
≈≈m...# #≈≈φc≈.##mm≈≈≈≈≈≈.≈≈≈≈≈≈≈
≈.....# ≈≈#≈#≈≈#@m≈.≈≈≈≈≈.≈≈≈≈≈≈≈
≈....m##≈≈≈≈≈≈≈c#...≈≈.≈....≈≈≈≈≈
≈m....##≈≈#≈≈≈###≈≈≈≈≈≈≈......≈≈≈
≈≈....≈ ##.## #≈≈m≈≈≈≈≈..###..≈≈≈
≈≈.....≈ .# #≈.≈≈≈≈≈≈≈.†.###≈≈≈≈
≈≈....... ≈≈≈≈≈≈≈≈≈≈≈≈≈≈≈≈..≈≈≈≈
≈≈........≈≈≈≈≈≈≈≈≈≈≈≈≈...≈≈≈≈≈≈≈
≈≈.........≈≈≈≈≈≈≈≈≈≈≈.....≈≈≈≈≈≈
≈≈..........≈≈≈≈≈≈≈≈≈≈≈.....≈≈≈≈≈


You could see 2 merfolk impalers, 2 merfolk aquamancers, 2 fauns and a water
nymph.

Vanquished Creatures
  The ghost of nomicflux the Eclecticist, an adept GrEE of Vehumet (Snake:3)
  5 greater nagas (Snake:4)
  A frost giant (Shoals:4)
  A merfolk javelineer (Shoals:3)
  4 merfolk impalers (Shoals:4)
  2 hydras
  2 merfolk aquamancers
  7 naga warriors
  4 anacondas
  A satyr (Shoals:3)
  9 naga sharpshooters
  4 shock serpents
  5 sea snakes
  5 naga ritualists
  2 hill giants
  A harpy (shapeshifter) (D:13)
  2 harpies (Shoals:4)
  4 mana vipers
  3 manticores
  A deep elf mage (D:14)
  An ugly thing (D:13)
  3 salamanders
  2 cyclopes
  2 griffons
  15 naga magi
  16 black mambas
  6 elephants (Lair:4)
  2 sirens
  A guardian serpent (Snake:3)
  2 water nymphs (Shoals:4)
  A centaur skeleton (D:12)
  A gargoyle (D:11)
  2 spiny frogs
  A torpor snail (Lair:4)
  A rime drake (Lair:4)
  A kobold demonologist (D:10)
  A komodo dragon (Lair:4)
  9 merfolk
  6 trolls
  A two-headed ogre (D:8)
  A polar bear (Lair:3)
  A wind drake (Shoals:1)
  3 snapping turtles
  3 water elementals
  A shadow (D:7)
  A vampire (D:14)
  A wraith (D:11)
  44 yaks
  A steam dragon (Lair:4)
  3 hippogriffs
  4 vampire mosquitoes (D:10)
  19 nagas
  4 water moccasins
  3 porcupines
  2 ice beasts
  2 phantoms
  An orc warrior (D:12)
  A black bear (Lair:1)
  3 ogres
  3 wolves (D:11)
  6 centaurs
  2 crocodiles
  2 big kobolds
  10 giant frogs
  A gnoll sergeant (D:8)
  3 killer bees (D:9)
  4 scorpions
  3 wights (D:9)
  2 electric eels
  2 crimson imps
  A wasp zombie (D:8)
  8 hounds
  3 orc priests
  3 giant frog skeletons
  9 orc wizards
  5 iguanas
  7 hell rats (Lair:4)
  5 worker ants
  5 sheep
  2 hound zombies (D:10)
  A hound skeleton (D:9)
  A worker ant zombie (D:9)
  4 gnolls (D:8)
  A river rat (Lair:2)
  4 adders
  3 giant geckos
  24 orcs
  2 giant cockroaches
  2 hobgoblins
  2 kobolds (D:7)
  2 quokkas
  A bat (D:1)
  3 giant newts
  3 goblins
  A quokka skeleton (D:8)
  A quokka zombie (D:7)
  5 rats
382 creatures vanquished.

Vanquished Creatures (others)
  7 fungi
  A plant (Lair:4)
8 creatures vanquished.

Grand Total: 390 creatures vanquished

Notes
Turn   | Place    | Note
-------+----------+-------------------------------------------
     0 | D:1      | Implojin the Troll Fighter began the quest for the Orb.
     0 | D:1      | Reached XP level 1. HP: 22/22 MP: 0/0
   103 | D:2      | Reached XP level 2. HP: 27/29 MP: 1/1
   152 | D:3      | Reached skill level 3 in Unarmed Combat
   198 | D:3      | You fall through a shaft for 2 floors!
   198 | D:5      | Entered Level 5 of the Dungeon
   198 | D:5      | Noticed an ice beast
   198 | D:5      | Noticed a scorpion
   206 | D:5      | Killed an ice beast
   206 | D:5      | Reached skill level 4 in Unarmed Combat
   206 | D:5      | Reached XP level 3. HP: 26/36 MP: 2/2
   206 | D:5      | Reached XP level 4. HP: 31/44 MP: 3/3
   208 | D:5      | Reached skill level 5 in Unarmed Combat
   209 | D:5      | Reached XP level 5. HP: 29/50 MP: 4/4
   229 | D:6      | Noticed Eustachio
   336 | D:6      | Noticed an ogre
   354 | D:6      | Killed an ogre
   354 | D:6      | Reached skill level 6 in Unarmed Combat
   354 | D:6      | Reached XP level 6. HP: 7/59 MP: 5/5
   432 | D:7      | Reached skill level 7 in Unarmed Combat
   447 | D:8      | Noticed a two-headed ogre
   454 | D:7      | Noticed an ice beast
   472 | D:7      | Noticed a shadow
   495 | D:6      | Reached XP level 7. HP: 33/66 MP: 6/6
   548 | D:7      | Reached skill level 8 in Unarmed Combat
   592 | D:7      | Killed a shadow
   676 | D:7      | Reached skill level 9 in Unarmed Combat
   711 | D:7      | Found a white marble altar of Elyvilon.
   765 | D:7      | Found a basalt altar of Yredelemnul.
   776 | D:7      | Reached XP level 8. HP: 57/74 MP: 7/7
   857 | D:7      | Found a staircase to the Ecumenical Temple.
   866 | Temple   | Entered the Ecumenical Temple
   896 | Temple   | Became a worshipper of Warmaster Okawaru
  1032 | D:8      | Reached skill level 10 in Unarmed Combat
  1153 | D:8      | Killed a two-headed ogre
  1153 | D:8      | Reached * piety under Okawaru
  1251 | D:9      | Found Owked's Magic Scroll Shop.
  1259 | D:9      | Bought a scroll of teleportation for 48 gold pieces
  1259 | D:9      | Bought a scroll of identify for 32 gold pieces
  1288 | D:9      | Reached skill level 11 in Unarmed Combat
  1319 | D:9      | Found Gadghael's Book Shoppe.
  1322 | D:9      | Found Fereudd's Book Emporium.
  1500 | D:9      | Reached XP level 9. HP: 30/80 MP: 5/8
  1504 | D:9      | Found Nodetz's Distillery.
  1504 | D:9      | Found Kippiuk's Weapon Boutique.
  1507 | D:9      | Reached ** piety under Okawaru
  1542 | D:9      | Reached skill level 12 in Unarmed Combat
  1621 | D:10     | Entered Level 10 of the Dungeon
  1633 | D:10     | Noticed a troll
  1644 | D:10     | Killed a troll
  1644 | D:10     | Reached skill level 3 in Fighting
  1678 | D:10     | Reached skill level 4 in Fighting
  1692 | D:10     | Found Zatew's Antique Weapon Emporium.
  1765 | D:10     | Reached skill level 5 in Fighting
  1798 | D:10     | Noticed a kobold demonologist
  1805 | D:10     | Killed a kobold demonologist
  1815 | D:10     | Reached skill level 6 in Fighting
  1825 | D:10     | Reached skill level 7 in Fighting
  1828 | D:10     | Reached *** piety under Okawaru
  1828 | D:10     | Reached XP level 10. HP: 80/102 MP: 6/9
  1829 | D:10     | Noticed a hill giant
  1836 | D:10     | Killed a hill giant
  1883 | D:11     | Noticed a gargoyle
  1894 | D:11     | Killed a gargoyle
  1894 | D:11     | Reached skill level 8 in Fighting
  1928 | D:11     | Found a staircase to the Lair.
  2049 | D:12     | Reached skill level 9 in Fighting
  2085 | D:13     | Reached **** piety under Okawaru
  2111 | D:13     | Noticed a red ugly thing
  2119 | D:13     | Killed a red ugly thing
  2131 | D:13     | Noticed a harpy
  2131 | D:13     | a basilisk changed into a harpy
  2140 | D:13     | Killed a harpy
  2140 | D:13     | Reached skill level 10 in Fighting
  2228 | D:13     | Reached XP level 11. HP: 81/119 MP: 7/10
  2273 | D:14     | Noticed a deep elf mage
  2280 | D:14     | Killed a deep elf mage
  2290 | D:14     | Noticed a hill giant
  2294 | D:14     | Killed a hill giant
  2295 | D:14     | Found a gate to the Vaults.
  2297 | D:14     | Reached skill level 11 in Fighting
  2555 | D:11     | Noticed a four-headed hydra
  2623 | D:9      | Bought 5 large rocks for 42 gold pieces
  2680 | D:11     | Killed a four-headed hydra
  2769 | Lair:1   | Entered Level 1 of the Lair of Beasts
  2858 | Lair:2   | Reached skill level 12 in Fighting
  2861 | Lair:2   | Reached ***** piety under Okawaru
  2869 | Lair:2   | Reached skill level 3 in Shields
  2907 | Lair:2   | Noticed a five-headed hydra
  3055 | Lair:4   | Reached skill level 4 in Shields
  3062 | Lair:4   | Reached skill level 1 in Invocations
  3073 | Lair:4   | Reached skill level 2 in Invocations
  3104 | Lair:4   | Reached skill level 3 in Invocations
  3119 | Lair:4   | Noticed a griffon
  3136 | Lair:4   | Killed a griffon
  3163 | Lair:4   | Reached skill level 4 in Invocations
  3178 | Lair:4   | Reached XP level 12. HP: 61/132 MP: 12/14
  3183 | Lair:4   | Received a gift from Okawaru
  3260 | Lair:4   | Reached skill level 5 in Invocations
  3292 | Lair:4   | Reached skill level 6 in Invocations
  3335 | Lair:4   | Reached skill level 7 in Invocations
  3367 | Lair:4   | Reached skill level 8 in Invocations
  3399 | Lair:3   | Reached skill level 3 in Dodging
  3419 | Lair:3   | Reached skill level 4 in Dodging
  3468 | Lair:4   | Found a staircase to the Snake Pit.
  3513 | Snake:1  | Entered Level 1 of the Snake Pit
  3519 | Snake:1  | Reached skill level 5 in Dodging
  3572 | Snake:1  | Reached skill level 6 in Dodging
  3675 | Snake:2  | Reached skill level 7 in Dodging
  3675 | Snake:2  | Reached XP level 13. HP: 68/140 MP: 8/18
  3747 | Snake:2  | :unid curing ;_;
  3748 | Snake:2  | Gained mutation: You are resistant to hostile enchantments. (MR+) [potion of beneficial mutation]
  3750 | Snake:2  | HP: 10/210 [poisoned by a naga ritualist (splash of poison)]
  3753 | Snake:2  | HP: 4/140 [poisoned by a naga ritualist (splash of poison)]
  3862 | Snake:2  | Reached skill level 8 in Dodging
  3891 | Snake:2  | Received a gift from Okawaru
  3972 | Snake:2  | Reached skill level 5 in Shields
  4067 | Snake:3  | Received a gift from Okawaru
  4097 | Snake:3  | Reached skill level 6 in Shields
  4107 | Snake:3  | :no remove curse ;_;
  4107 | Snake:3  | :well
  4107 | Snake:3  | :have to try
  4131 | Snake:3  | Noticed nomicflux's ghost (adept GrEE)
  4167 | Snake:3  | Killed nomicflux's ghost
  4192 | Snake:3  | Reached skill level 7 in Shields
  4219 | Snake:4  | Entered Level 4 of the Snake Pit
  4330 | Snake:4  | Found a glowing golden altar of the Shining One.
  4442 | Snake:4  | Noticed a greater naga
  4449 | Snake:4  | Reached skill level 8 in Shields
  4455 | Snake:4  | Noticed a greater naga
  4458 | Snake:4  | Killed a greater naga
  4480 | Snake:4  | Killed a greater naga
  4494 | Snake:4  | Reached skill level 9 in Shields
  4586 | Snake:4  | Received a gift from Okawaru
  4586 | Snake:4  | Reached XP level 14. HP: 99/149 MP: 19/19
  4637 | Snake:4  | Received a gift from Okawaru
  4637 | Snake:4  | Reached skill level 10 in Shields
  4789 | Snake:4  | Reached skill level 9 in Dodging
  4842 | Snake:4  | Noticed a greater naga
  5029 | Snake:4  | Killed a greater naga
  5043 | Snake:4  | Noticed a greater naga
  5064 | Snake:4  | Killed a greater naga
  5064 | Snake:4  | Reached skill level 10 in Dodging
  5091 | Snake:4  | Noticed a greater naga
  5138 | Snake:4  | Killed a greater naga
  5138 | Snake:4  | Received a gift from Okawaru
  5154 | Snake:4  | Got a serpentine rune of Zot
  5291 | Snake:2  | :hmm
  5291 | Snake:2  | :randart large shield, or just new tile
  5372 | Lair:4   | :: note: open a mantis ticket for that bugged html tag floornote formatting
  5446 | Lair:4   | Found a staircase to the Shoals.
  5477 | Shoals:1 | Entered Level 1 of the Shoals
  5491 | Shoals:1 | : still engulfed even though its no longer adjacent due to wind drake
  5491 | Shoals:1 | : another ticket?
  5505 | Shoals:1 | Reached skill level 11 in Dodging
  5588 | Shoals:4 | Entered Level 4 of the Shoals
  5588 | Shoals:4 | Noticed Ilsuiw
  5709 | Shoals:3 | Received a gift from Okawaru
  5783 | Shoals:3 | Reached XP level 15. HP: 37/156 MP: 20/20
  5921 | Shoals:4 | Reached skill level 12 in Dodging
  5922 | Shoals:4 | :dang
  6102 | Shoals:4 | :dang
  6102 | Shoals:4 | :thats a lot of shouts
  6103 | Shoals:4 | Noticed a frost giant
  6105 | Shoals:4 | :hmm
  6118 | Shoals:4 | :dang
  6127 | Shoals:4 | asdfghjkl
  6127 | Shoals:4 | :aquamancer blink to outside made this bad
  6143 | Shoals:4 | Killed a frost giant
  6143 | Shoals:4 | Received a gift from Okawaru
  6160 | Shoals:4 | Killed from afar by a merfolk aquamancer

Vault maps used:
D:1:      minmay_arrival_nine_rooms
D:3:      grunt_ministairs_2
D:5:      grunt_temple_overflow_open, grunt_qazlal_clouds, first_bread,
          kennysheep_minor_cross
D:6:      grunt_temple_overflow_lords_of_destruction, uniq_eustachio,
          uniq_crazy_yiuf_cottage, uniq_menkaure
D:7:      kennysheep_ying_yang, grunt_ogre_cave, trog_three_pillars_becter
D:8:      minmay_flawed_box, grunt_ministairs_11, dk_noncrumbling_4,
          minivault_25
D:9:      lemuel_doored_altar, serial_shops, nicolae_shop_crystal, shop, shop,
          shop, shop, special_room
D:10:     serial_shops, shop, kennysheep_generic_room_14
D:11:     erik_lair_island
D:12:     orc_0_dummy
D:13:     portal_ice_cave_demonic_guard
D:14:     minmay_nested_s, david_vaults_1, fedhas_altar_2,
          minmay_misc_feat_four_crosses
Temple:   nicolae_temple_hex_pool
Lair:1:   lab_entry_generic, grunt_megastairs_5, uniq_joseph, uniq_urug
Lair:3:   grunt_megastairs_4, infiniplex_staircase_pool_2
Lair:4:   minmay_shoals_entry_hut, guppyfry_snake_entry_garden, special_room
Lair:5:   grunt_megastairs_3
Shoals:1: serial_shops, bzr_entry_customers, dpeg_stationary_puzzle, uniq_louise
Shoals:2: uniq_frances
Shoals:4: shoals_end_grunt_ice, shoal_ilsuiw, serial_shops, shop_fountains
Snake:1:  lemuel_fruit_tree, serial_bayou_shore_a
Snake:4:  snake_pit, basic_altar, st_stairs_1

Skill      XL: |  1  2  3  4  5  6  7  8  9 10 11 12 13 14 15 |
---------------+----------------------------------------------+-----
Unarmed Combat | 4 5 6 7 9 11 12 | 12.0
Fighting       | 7 10 12 | 12.0
Shields        | 4 9 10 | 10.1
Invocations    | 4 8 |  8.0
Dodging        | 7 8 11 12 | 12.7

Action                   |  1- 3 |  4- 6 |  7- 9 | 10-12 | 13-15 || total
-------------------------+-------+-------+-------+-------+-------++-------
Melee: Unarmed           |    38 |    58 |   242 |   477 |   695 ||  1510
Throw: Large rock        |       |       |       |     3 |     6 ||     9
       Tomahawk          |       |       |       |     6 |       ||     6
       Throwing net      |       |       |       |     1 |       ||     1
Invok: Heroism           |       |       |     5 |    39 |    38 ||    82
       Finesse           |       |       |       |     3 |    17 ||    20
Evoke: Wand              |       |       |       |       |     4 ||     4
  Use: Potion            |     1 |       |       |     3 |     7 ||    11
       Scroll            |       |       |     5 |    10 |     2 ||    17
 Stab: Sleeping          |       |     2 |     2 |     2 |       ||     6
  Eat: Chunk             |     7 |     3 |    11 |    14 |    11 ||    46
       Meat ration       |       |       |       |       |     1 ||     1
       Bread ration      |       |       |       |       |     1 ||     1
       Pizza             |       |       |       |       |     1 ||     1
       Beef jerky        |       |       |       |       |     1 ||     1
Armor: Robe              |    16 |    18 |    51 |    35 |       ||   120
       Troll hide        |       |       |       |    12 |       ||    12
       Troll leather arm |       |       |       |     1 |    47 ||    48
Dodge: Dodged            |    24 |    27 |    67 |   123 |   189 ||   430
Block: Shield            |    21 |    23 |   111 |   171 |    13 ||   339
       Large shield      |       |       |       |       |   438 ||   438

Table legend:
 A = Turns spent in this place as a percentage of turns spent in the entire game.
 B = Non-inter-level travel turns spent in this place as a percentage of non-inter-level travel turns spent in the entire game.
 C = Inter-level travel turns spent in this place as a percentage of turns spent in this place.
 D = Turns resting spent in this place as a percentage of non-inter-level travel turns spent in this place.
 E = Turns spent auto-exploring this place as a percentage of non-inter-level travel turns spent in this place.
 F = Non-inter-level travel turns spent in this place divided by the number of levels of this place that you've seen.
                   A       B       C       D       E      F
               +-------+-------+-------+-------+-------+----------------------
         Total | 100.0 | 100.0 |   0.0 |   0.1 |   0.0 | 244.6
       Dungeon |  41.6 |  41.6 |   0.0 |   0.0 |   0.0 | 211.2
        Temple |   0.9 |   0.9 |   0.0 |   0.0 |   0.0 |  62.0
          Lair |  13.1 |  13.1 |   0.0 |   0.0 |   0.0 | 173.6
        Shoals |  13.4 |  13.4 |   0.0 |   0.2 |   0.0 | 220.8
     Snake Pit |  31.0 |  31.0 |   0.0 |   0.1 |   0.0 | 511.5
               +-------+-------+-------+-------+-------+----------------------

Table legend:
 A = Kills in this place as a percentage of kills in entire the game.
 B = Kills by you in this place as a percentage of kills by you in the entire game.
 C = Kills by friends in this place as a percentage of kills by friends in the entire game.
 D = Other kills in this place as a percentage of other kills in the entire game.
 E = Experience gained in this place as a percentage of experience gained in the entire game.
 F = Experience gained in this place divided by the number of levels of this place that you have seen.
                   A       B       C       D       E      F
               +-------+-------+-------+-------+-------+----------------------
         Total | 100.0 | 100.0 |  -nan |  -nan | 100.0 | 4263.0
       Dungeon |  43.2 |  43.2 |  -nan |  -nan |  14.1 | 1248.9
          Lair |  22.0 |  22.0 |  -nan |  -nan |  15.2 | 3503.0
        Shoals |  11.0 |  11.0 |  -nan |  -nan |  20.6 | 5930.8
     Snake Pit |  23.8 |  23.8 |  -nan |  -nan |  50.1 | 14406.8
               +-------+-------+-------+-------+-------+----------------------
